 Dungeon Crawl Stone Soup version 0.26-b1-32-g5d43845318 (webtiles) character file.

Game seed: 10455585953046530513

31540 mopl the Severer (level 13, 0/118 HPs)
             Began as a Minotaur Berserker on Jan 11, 2021.
             Was the Champion of Trog.
             Slain by a black mamba (12 damage)
             ... on level 4 of the Lair of Beasts.
             The game lasted 00:17:23 (9128 turns).

mopl the Severer (Minotaur Berserker)               Turns: 9128, Time: 00:17:24

Health: 0/118      AC: 15    Str: 28    XL:     13   Next: 26%
Magic:  12/12      EV: 11    Int:  4    God:    Trog [******]
Gold:   1285       SH:  0    Dex: 15    Spells: 12/12 levels left

rFire    . . .     SeeInvis .   W - +7 broad axe (flame)
rCold    . . .     Faith    .   (no shield)
rNeg     . . .     Spirit   .   G - +0 plate armour
rPois    .         Reflect  .   (helmet restricted)
rElec    .         Harm     .   M - scarf {repulsion}
rCorr    .         Rampage  .   (no gloves)
Will     ++...     Rnd*Tele +   (no boots)
Stlth    ..........             U - amulet of the acrobat
HPRegen  1.29/turn              A - ring of teleportation (curse)
MPRegen  0.13/turn              O - +6 ring of strength

@: berserk cooldown, regenerating (expiring), slowed, repel missiles, very slow
A: retaliatory headbutt, horns 2
a: Renounce Religion, Berserk, Trog's Hand, Brothers in Arms


You were on level 4 of the Lair of Beasts.
You worshipped Trog.
Trog was exalted by your worship.
You visited 2 branches of the dungeon, and saw 14 of its levels.
You also visited: Sewer.

You collected 1285 gold pieces.

Inventory:

Hand Weapons
 a - a +3 battleaxe of flaming
 k - a +0 hand axe of freezing
 K - a +0 hand axe of electrocution
 W - a +7 broad axe of flaming (weapon)
Missiles
 m - 8 curare-tipped darts
 q - 38 poisoned darts (quivered)
 v - 3 boomerangs
 y - 13 javelins
 C - 2 throwing nets
 Q - 8 datura-tipped darts
 T - 5 silver javelins
Armour
 G - a +0 plate armour (worn)
 M - a scarf of repulsion (worn)
Jewellery
 h - an uncursed ring of fire
 A - a cursed ring of teleportation (left hand)
 E - an uncursed ring of positive energy
 O - a +6 ring of strength (right hand)
 U - an amulet of the acrobat (around neck)
Wands
 x - a wand of paralysis (31)
 L - a wand of iceblast (5)
 P - a wand of disintegration (12)
 S - a wand of digging (2)
 V - a wand of polymorph (11)
Scrolls
 b - 3 scrolls of fog {unknown}
 c - 15 scrolls of identify {unknown}
 d - a scroll of enchant weapon {unknown}
 g - 10 scrolls of remove curse {unknown}
 j - 6 scrolls of teleportation {unknown}
 n - a scroll of blinking {unknown}
 s - a scroll of fear {unknown}
 t - 2 scrolls of magic mapping {unknown}
 B - 2 scrolls of enchant armour {unknown}
 D - 3 scrolls of immolation {unknown}
 H - 2 scrolls of amnesia {unknown}
 I - a scroll of random uselessness {unknown}
 N - a scroll of summoning {unknown}
Potions
 e - 11 potions of curing
 f - 6 potions of heal wounds {unknown}
 i - 2 potions of haste {unknown}
 l - 5 potions of might {unknown}
 o - a potion of ambrosia {unknown}
 p - a potion of invisibility {unknown}
 r - 4 potions of flight {unknown}
 u - a potion of berserk rage {unknown}
 w - a potion of mutation {unknown}
 z - a potion of magic {unknown}
 F - a potion of cancellation {unknown}
 J - a potion of brilliance {unknown}
 R - a potion of lignification {unknown}


   Skills:
 + Level 12.3 Fighting
 * Level 16.2 Axes
 + Level 9.8 Throwing
 + Level 11.8 Armour
 + Level 5.0 Dodging
 + Level 3.5 Evocations


You had 12 spell levels left.
You didn't know any spells.
Your spell library was empty.

Dungeon Overview and Level Annotations

Branches:
Dungeon (10/15)            Temple (0/1) D:4            Lair (4/6) D:9
 Shoals (0/4) Lair:2       Spider (0/4) Lair:3          Orc (0/2) D:9
  Sewer (visited)

Altars:
Ashenzari
Elyvilon
Gozag
Hepliaklqana
Makhleb
Nemelex Xobeh
Okawaru
Trog
Uskayaw
Vehumet
Wu Jian
Xom
Yredelemnul
Zin
The Shining One

Shops:
D:7 ([

Annotations:
D:7 dig


Innate Abilities, Weirdness & Mutations

You reflexively headbutt those who attack you in melee.
You have a pair of horns on your head.


Message History

You feel a strong urge to attack something.
There is an open door, spattered with blood here.
Things that are here:
a yak corpse; a yak corpse You are no longer berserk.
You are exhausted.
You feel yourself slow down.
y - 13 javelins (gained 2)
You see here a +0 scale mail.
You feel strangely unstable.
You are suddenly yanked towards a nearby monster!
Your surroundings suddenly seem different.
You feel the effects of Trog's Hand fading.
The black mamba bites you but does no damage.
Found 2 bubbling green potions.
Found a stone staircase leading down.
You miss the black mamba. Your headbutt misses the black mamba.
The black mamba bites you.
* * * LOW HITPOINT WARNING * * *
The black mamba bites you!
You die...

........... ....
.......>.. ...
...........
..##..#......#
##.#..###....!##
#.......#......# P.
#..........S.#
#P.##.....Y#...@.#
#..P...<†..#...........
............#.........#
#..##.#S..##..........#
#..#.##...........###.#
#................## .
##..................
#.../...............
.#............$.....


You could see a black mamba.

Vanquished Creatures
  4 two-headed ogres
  An anaconda (Lair:4)
  5 death yaks (Lair:4)
  Urug (Lair:4)
  Pikel (D:6)
  A wolf spider (Lair:3)
  3 black mambas
  4 elephants
  7 cane toads
  5 komodo dragons
  2 jumping spiders (Lair:3)
  A hornet (D:9)
  A troll (D:10)
  Grinder (D:4)
  7 blink frogs
  Prince Ribbit (D:6)
  A snapping turtle (Lair:2)
  2 redbacks (Lair:3)
  A wraith (D:10)
  43 yaks
  3 wyverns
  2 basilisks (Lair:3)
  Duvessa (D:7)
  7 water moccasins
  2 orc warriors
  4 sky beasts
  4 ice beasts
  A necrophage (D:10)
  14 wolves (Lair:1)
  4 phantoms
  4 ogres
  4 centaurs
  Blork the orc (D:6)
  13 bullfrogs
  A water moccasin skeleton (D:6)
  Dowan (D:7)
  6 killer bees (D:9)
  5 scorpions
  16 wights
  2 electric eels (Lair:2)
  4 howler monkeys
  5 orc priests
  9 hounds
  A centaur zombie (D:7)
  3 jellies
  10 orc wizards
  Crazy Yiuf (D:3)
  3 centaur skeletons
  An iguana (D:6)
  3 worker ants
  A killer bee zombie (D:7)
  2 hound skeletons
  A worker ant zombie (D:6)
  A howler monkey zombie (D:7)
  Robin (D:4)
  3 gnolls (D:6)
  18 adders
  A shadow imp (D:8)
  2 white imps
  5 ufetubi
  An adder zombie (D:8)
  4 adder skeletons
  2 worms (D:2)
  A dart slug (D:2)
  10 leopard geckos
  29 orcs
  5 bats
  11 giant cockroaches
  7 goblins
  10 hobgoblins
  30 jackals
  7 quokkas
  3 ball pythons
  8 frilled lizards
  9 kobolds
  A leopard gecko skeleton (D:7)
  2 quokka skeletons
  10 rats
412 creatures vanquished.

Vanquished Creatures (others)
  16 fungi
  42 plants
58 creatures vanquished.

Grand Total: 470 creatures vanquished

Notes
Turn   | Place    | Note
-------+----------+-------------------------------------------
     0 | D:1      | mopl the Minotaur Berserker began the quest for the Orb.
     0 | D:1      | Reached XP level 1. HP: 19/19 MP: 0/0
    96 | D:1      | Reached skill level 4 in Axes
   100 | D:1      | Reached XP level 2. HP: 21/27 MP: 1/1
   321 | D:1      | Reached skill level 4 in Fighting
   598 | D:2      | Reached ** piety under Trog
   629 | D:2      | Reached XP level 3. HP: 31/33 MP: 2/2
   683 | D:2      | Found a radiant altar of Vehumet.
   688 | D:2      | Found a burning altar of Makhleb.
   689 | D:2      | Found a shimmering altar of Xom.
   689 | D:2      | Found an iron altar of Okawaru.
   689 | D:2      | Found a hide-covered altar of Uskayaw.
   689 | D:2      | Found an ornate altar of the Wu Jian Council.
   690 | D:2      | Found a broken altar of Ashenzari.
   691 | D:2      | Found a glowing silver altar of Zin.
   692 | D:2      | Found a bloodstained altar of Trog.
   788 | D:2      | Reached skill level 5 in Axes
  1044 | D:3      | Reached XP level 4. HP: 39/41 MP: 3/3
  1195 | D:3      | HP: 2/41 [orc/+0 mace (2)]
  1312 | D:3      | Reached skill level 1 in Throwing
  1312 | D:3      | Reached skill level 3 in Armour
  1312 | D:3      | Reached XP level 5. HP: 19/47 MP: 4/4
  1329 | D:3      | Reached *** piety under Trog
  1589 | D:3      | Found a runed translucent door.
  1590 | D:3      | Noticed Crazy Yiuf
  1597 | D:3      | Killed Crazy Yiuf
  1598 | D:3      | Reached skill level 5 in Fighting
  1598 | D:3      | Reached skill level 6 in Axes
  1766 | D:4      | Noticed a sky beast
  1779 | D:4      | Killed a sky beast
  1780 | D:4      | Reached XP level 6. HP: 56/56 MP: 5/5
  1793 | D:4      | Noticed Grinder
  1799 | D:4      | Killed Grinder
  1800 | D:4      | Reached skill level 7 in Axes
  1800 | D:4      | Reached skill level 2 in Throwing
  1800 | D:4      | Reached skill level 4 in Armour
  1805 | D:4      | Found a staircase to the Ecumenical Temple.
  1829 | D:4      | Found a basalt altar of Yredelemnul.
  2132 | D:4      | Reached XP level 7. HP: 61/61 MP: 6/6
  2194 | D:4      | Found a hazy altar of Hepliaklqana.
  2322 | D:4      | Noticed Robin
  2330 | D:4      | Killed Robin
  2362 | D:5      | Entered Level 5 of the Dungeon
  2460 | D:5      | Identified the Reference Book on Shape Shifting and
                  | Summoning
  2485 | D:5      | Found a glowing drain.
  2505 | Sewer    | Entered a sewer
  2625 | Sewer    | Reached **** piety under Trog
  3108 | D:6      | Reached skill level 3 in Throwing
  3109 | D:6      | Reached skill level 6 in Fighting
  3141 | D:6      | Reached skill level 8 in Axes
  3147 | D:6      | Reached skill level 5 in Armour
  3148 | D:6      | Reached XP level 8. HP: 71/71 MP: 7/7
  3156 | D:6      | Noticed Blork the orc
  3161 | D:6      | Killed Blork the orc
  3162 | D:6      | Reached ***** piety under Trog
  3193 | D:6      | Noticed Pikel
  3207 | D:6      | Killed Pikel
  3208 | D:6      | Reached skill level 7 in Fighting
  3208 | D:6      | Reached skill level 9 in Axes
  3208 | D:6      | Reached skill level 4 in Throwing
  3208 | D:6      | Reached skill level 6 in Armour
  3218 | D:6      | Found a glowing golden altar of the Shining One.
  3219 | D:6      | Found a sparkling altar of Nemelex Xobeh.
  3220 | D:6      | Found an opulent altar of Gozag.
  3492 | D:6      | Reached XP level 9. HP: 76/79 MP: 8/8
  3614 | D:6      | Noticed Prince Ribbit
  3630 | D:6      | Killed Prince Ribbit
  3631 | D:6      | Reached skill level 10 in Axes
  3664 | D:7      | Found a white marble altar of Elyvilon.
  3769 | D:7      | Found Riant's Antique Weapon Emporium.
  3773 | D:7      | Noticed Dowan
  3774 | D:7      | Noticed Duvessa
  3778 | D:7      | Killed Dowan
  3778 | D:7      | Received a gift from Trog
  3783 | D:7      | Killed Duvessa
  3784 | D:7      | Reached skill level 5 in Throwing
  3907 | D:7      | Reached skill level 8 in Fighting
  3907 | D:7      | Reached skill level 7 in Armour
  4036 | D:7      | Reached skill level 11 in Axes
  4278 | D:7      | Found Nupliro's Antique Armour Boutique.
  4708 | D:8      | Reached skill level 6 in Throwing
  4716 | D:8      | Reached XP level 10. HP: 81/90 MP: 9/9
  4744 | D:8      | Noticed a two-headed ogre
  4753 | D:8      | Killed a two-headed ogre
  4754 | D:8      | Reached skill level 9 in Fighting
  4754 | D:8      | Reached skill level 12 in Axes
  4754 | D:8      | Reached skill level 8 in Armour
  4965 | D:8      | Received a gift from Trog
  5237 | D:9      | Found a sparkling altar of Nemelex Xobeh.
  5300 | D:9      | Found a sparkling altar of Nemelex Xobeh.
  5319 | D:9      | Noticed a two-headed ogre
  5321 | D:9      | Noticed a two-headed ogre
  5328 | D:9      | Killed a two-headed ogre
  5332 | D:9      | Reached skill level 7 in Throwing
  5339 | D:9      | Killed a two-headed ogre
  5340 | D:9      | Reached skill level 13 in Axes
  5340 | D:9      | Reached skill level 9 in Armour
  5409 | D:9      | Reached XP level 11. HP: 73/99 MP: 10/10
  5483 | D:9      | Found a staircase to the Lair.
  5578 | D:9      | Found a staircase to the Orcish Mines.
  5626 | D:10     | Entered Level 10 of the Dungeon
  5709 | D:10     | Found an iron altar of Okawaru.
  5712 | D:10     | Reached skill level 10 in Fighting
  6083 | D:10     | Noticed a two-headed ogre
  6091 | D:10     | Killed a two-headed ogre
  6346 | Lair:1   | Entered Level 1 of the Lair of Beasts
  6353 | Lair:1   | Reached skill level 8 in Throwing
  6360 | Lair:1   | Reached skill level 14 in Axes
  6376 | Lair:1   | Reached skill level 10 in Armour
  6752 | Lair:1   | Reached skill level 11 in Fighting
  6792 | Lair:1   | Reached ****** piety under Trog
  7083 | Lair:1   | Reached XP level 12. HP: 87/110 MP: 11/11
  7240 | Lair:2   | Reached skill level 15 in Axes
  7307 | Lair:2   | Reached skill level 9 in Throwing
  7551 | Lair:2   | Reached skill level 11 in Armour
  7551 | Lair:2   | Reached skill level 1 in Evocations
  7583 | Lair:2   | Found a staircase to the Shoals.
  7919 | Lair:3   | Reached skill level 3 in Dodging
  7970 | Lair:3   | Found a hole to the Spider Nest.
  8013 | Lair:3   | Reached skill level 2 in Evocations
  8144 | Lair:3   | Received a gift from Trog
  8902 | Lair:4   | Noticed a death yak
  8902 | Lair:4   | Noticed a death yak
  8902 | Lair:4   | Noticed a death yak
  8903 | Lair:4   | Noticed a death yak
  8903 | Lair:4   | Noticed a death yak
  8956 | Lair:3   | Reached skill level 12 in Fighting
  8956 | Lair:3   | Reached skill level 4 in Dodging
  9036 | Lair:4   | Noticed an anaconda
  9043 | Lair:4   | Killed an anaconda
  9076 | Lair:4   | Noticed Urug
  9080 | Lair:4   | Reached XP level 13. HP: 81/118 MP: 12/12
  9085 | Lair:4   | Killed Urug
  9086 | Lair:4   | Reached skill level 16 in Axes
  9086 | Lair:4   | Reached skill level 3 in Evocations
  9120 | Lair:4   | Reached skill level 5 in Dodging
  9128 | Lair:4   | Slain by a black mamba

Illustrated notes

Levels and vault maps discovered:
D:1:      minmay_arrival_stone_box, layout_basic, wad_floor_pattern_1
D:2:      layout_rooms, minitemple, st_stairs_2
D:3:      layout_loops_ring, uniq_crazy_yiuf_cottage
D:4:      layout_loops_ring, lemuel_crystal_altar, nzn_hepliaklqana_mist_gate,
          temple_statues, uniq_grinder, uniq_robin
D:5:      layout_rooms, gup_sewer_entry_pipe
D:6:      layout_basic, gammafunk_temple_overflow_forgotten,
          minmay_misc_feat_rows, uniq_blork_the_orc, uniq_prince_ribbit1,
          uniq_pikel
D:7:      minmay_polygon_palace, layout_cave_pods, old_standard_altar,
          serial_shops, nicolae_shop_crystal, shop_statue, uniq_duvessa
D:8:      layout_rooms
D:9:      layout_rooms, dpeg_oklobed_lair, orc_0_dummy, basic_altar,
          nemelex_spade_bored_becter
D:10:     layout_long_grid, abandoned_shop, grunt_ministairs_11, okawaru_trees_1
Lair:1:   layout_chaotic_city, grunt_megastairs_2, lemuel_fruit_tree
Lair:2:   layout_gridlike, minmay_shoals_entry_hut
Lair:3:   layout_regular_city, spider_nest_entry_funnel_web
Lair:4:   beast_lair_carwin_large_4, layout_regular_city, enter_volcano_4,
          uniq_urug

Skill      XL: |  1  2  3  4  5  6  7  8  9 10 11 12 13 |
---------------+----------------------------------------+-----
Axes           | 4 5 6 7 8 9 11 13 14 15 16 | 16.2
Fighting       | 4 5 6 7 8 9 11 12 | 12.3
Throwing       | 1 2 3 4 6 7 8 9 |  9.8
Armour         | 3 4 5 6 7 9 10 11 | 11.8
Evocations     | 2 3 |  3.5
Dodging        | 4 5 |  5.0

Action                   |  1- 3 |  4- 6 |  7- 9 | 10-12 | 13-15 || total
-------------------------+-------+-------+-------+-------+-------++-------
Melee: Hand axe          |    55 |    94 |   325 |    85 |       ||   559
       Headbutt          |     6 |    10 |    54 |    84 |    14 ||   168
       Battleaxe         |       |       |       |   325 |     5 ||   330
       Broad axe         |       |       |       |       |    24 ||    24
Invok: Berserk           |       |     3 |     2 |    13 |     1 ||    19
       Trog's Hand       |       |       |       |     1 |       ||     1
Armor: Scale mail        |    18 |    24 |       |       |       ||    42
       Chain mail        |       |    22 |    79 |       |       ||   101
       Plate armour      |       |       |    82 |   215 |    10 ||   307
Dodge: Dodged            |    33 |    56 |    99 |   186 |     5 ||   379
